General information
			
			
        
        - name: BNet
 
        - type: Ladder team game (AT/RT)
 
        - host: Battle.net
 
        - saver: WTBMICRO
 
        
map: Moonglade 
        - players: 4
 
        - length: 25:26
 
        - speed: Fast
 - version: 1.22 W3XP
 - replay type:  Public
 
» download(121 KB)
Players
        team 1 (winner) 
              
              
DroolBait (
purple | 59 APM | 1495 actions | 25:25)
              
 5 Blood Mage 
 3 Flame Strike
 2 Siphon Mana
 2 Mountain King 
 1 Storm Bolt
 1 Thunder Clap
 
                » actions 
                
                | Assign group hotkey | 47 |  | 
| Basic commands | 4 |  | 
| Build / train | 89 |  | 
| ESC pressed | 1 |  | 
| Enter build submenu | 27 |  | 
| Enter hero's abilities submenu | 8 |  | 
| Remove unit from queue | 2 |  | 
| Right click | 739 |  | 
| Select / deselect | 322 |  | 
| Select group hotkey | 166 |  | 
| Use ability | 90 |  | 
                1495 total
 » units 
                
                | Peasant | 11 |  | 
| Footman | 12 |  | 
| Spell Breaker | 14 |  | 
| Sorceress | 6 |  | 
| Priest | 5 |  | 
| Rifleman | 7 |  | 
| Mortar Team | 2 |  | 
                57 total
 » upgrades
                
                | Defend | 1 |  | 
| Magic Sentry | 1 |  | 
| Gunpowder | 1 |  | 
| Long Rifles | 1 |  | 
| Flare | 1 |  | 
                5 total
 » buildings
                
                | Altar of Kings | 1 |  | 
| Farm | 9 |  | 
| Barracks | 1 |  | 
| Scout Tower | 4 |  | 
| Arcane Tower | 2 |  | 
| Keep | 1 |  | 
| Arcane Vault | 1 |  | 
| Castle | 0 |  | 
| Arcane Sanctum | 2 |  | 
| Lumber Mill | 1 |  | 
| Blacksmith | 1 |  | 
| Guard Tower | 1 |  | 
| Town Hall | 1 |  | 
| Workshop | 2 |  | 
                27 total
 » build order
                00:12 Altar of Kings
00:48 Farm
00:54 Barracks
01:23 Farm
02:00 Scout Tower
02:08 Farm
02:41 Arcane Tower
02:53 Scout Tower
03:40 Keep
04:27 Arcane Tower
04:32 Arcane Vault
04:47 Farm
06:08 Castle
06:19 Arcane Sanctum
06:25 Arcane Sanctum
06:43 Farm
08:03 Scout Tower
08:07 Scout Tower
08:49 Lumber Mill
11:33 Farm
12:33 Farm
13:43 Blacksmith
13:46 Farm
15:51 Guard Tower
17:46 Town Hall
18:47 Farm
22:56 Workshop
23:00 Workshop
» items
                
                | Scroll of Regeneration | 2 |  | 
| Lesser Clarity Potion | 4 |  | 
| Ivory Tower | 5 |  | 
| Scroll of Town Portal | 1 |  | 
                12 total
  
               
              
              
WTBMICRO (
red | 82 APM | 2091 actions | 25:26)
              
 5 Blood Mage 
 3 Flame Strike
 2 Siphon Mana
 5 Mountain King 
 3 Storm Bolt
 2 Bash
 
                » actions 
                
                | Assign group hotkey | 304 |  | 
| Basic commands | 136 |  | 
| Build / train | 84 |  | 
| ESC pressed | 5 |  | 
| Enter build submenu | 34 |  | 
| Enter hero's abilities submenu | 10 |  | 
| Give item / drop item | 2 |  | 
| Remove unit from queue | 1 |  | 
| Right click | 804 |  | 
| Select / deselect | 521 |  | 
| Select group hotkey | 83 |  | 
| Use ability | 107 |  | 
                2091 total
 » units 
                
                | Peasant | 16 |  | 
| Footman | 15 |  | 
| Spell Breaker | 15 |  | 
| Sorceress | 4 |  | 
| Priest | 4 |  | 
                54 total
 » upgrades
                » buildings
                
                | Altar of Kings | 1 |  | 
| Barracks | 1 |  | 
| Farm | 8 |  | 
| Scout Tower | 10 |  | 
| Arcane Tower | 3 |  | 
| Keep | 1 |  | 
| Arcane Vault | 1 |  | 
| Arcane Sanctum | 2 |  | 
| Lumber Mill | 1 |  | 
| Guard Tower | 2 |  | 
| Town Hall | 1 |  | 
| Castle | 1 |  | 
                32 total
 » build order
                00:10 Altar of Kings
00:12 Barracks
00:29 Farm
01:09 Farm
01:40 Scout Tower
01:47 Scout Tower
01:59 Farm
02:31 Arcane Tower
02:41 Farm
04:23 Keep
06:04 Scout Tower
06:07 Farm
06:38 Arcane Vault
06:40 Arcane Tower
07:46 Farm
07:56 Arcane Sanctum
07:59 Scout Tower
08:29 Arcane Tower
09:40 Arcane Sanctum
10:36 Farm
11:38 Farm
15:04 Lumber Mill
16:01 Scout Tower
16:02 Scout Tower
16:02 Scout Tower
16:03 Scout Tower
16:35 Guard Tower
16:58 Guard Tower
18:23 Town Hall
18:39 Castle
23:37 Scout Tower
23:39 Scout Tower
» items
                
                | Lesser Clarity Potion | 4 |  | 
| Potion of Healing | 2 |  | 
| Scroll of Regeneration | 2 |  | 
| Ivory Tower | 1 |  | 
                9 total
  
               team 2 (loser) 
              
              
Bearz. (
pink | 55 APM | 1400 actions | 25:24)
              
 4 Blademaster 
 2 Wind Walk
 2 Critical Strike
 3 Shadow Hunter 
 2 Healing Wave
 1 Hex
 
                » actions 
                
                | Basic commands | 2 |  | 
| Build / train | 46 |  | 
| Enter build submenu | 20 |  | 
| Enter hero's abilities submenu | 7 |  | 
| Give item / drop item | 3 |  | 
| Right click | 804 |  | 
| Select / deselect | 428 |  | 
| Use ability | 90 |  | 
                1400 total
 » units 
                
                | Peon | 10 |  | 
| Grunt | 2 |  | 
| Troll Headhunter/Berserker | 5 |  | 
| Wind Rider | 1 |  | 
| Raider | 3 |  | 
                21 total
 » upgrades
                » buildings
                
                | Altar of Storms | 2 |  | 
| Orc Burrow | 9 |  | 
| Barracks | 1 |  | 
| War Mill | 1 |  | 
| Voodoo Lounge | 1 |  | 
| Stronghold | 1 |  | 
| Beastiary | 1 |  | 
| Watch Tower | 2 |  | 
| Great Hall | 1 |  | 
                19 total
 » build order
                00:07 Altar of Storms
00:10 Orc Burrow
00:37 Barracks
01:19 War Mill
01:34 Orc Burrow
02:20 Voodoo Lounge
04:35 Orc Burrow
04:39 Stronghold
07:28 Orc Burrow
08:24 Orc Burrow
08:31 Beastiary
09:29 Watch Tower
10:06 Great Hall
11:02 Watch Tower
14:47 Orc Burrow
14:52 Orc Burrow
17:13 Altar of Storms
18:14 Orc Burrow
18:17 Orc Burrow
» items
                
                | Healing Salve | 4 |  | 
| Lesser Clarity Potion | 4 |  | 
| Scroll of Town Portal | 2 |  | 
| Potion of Healing | 2 |  | 
| Rod of Necromancy | 1 |  | 
                13 total
  
               
              
              
» 
Snarfman (
teal | 53 APM | 1336 actions | 25:25)
              
 5 Dreadlord 
 2 Vampiric Aura
 3 Sleep
 1 Death Knight 
 1 Death Coil
 
                » actions 
                
                | Basic commands | 59 |  | 
| Build / train | 88 |  | 
| Enter build submenu | 31 |  | 
| Enter hero's abilities submenu | 6 |  | 
| Remove unit from queue | 3 |  | 
| Right click | 542 |  | 
| Select / deselect | 561 |  | 
| Use ability | 46 |  | 
                1336 total
 » units 
                
                | Acolyte | 15 |  | 
| Ghoul | 10 |  | 
| Crypt Fiend | 25 |  | 
| Gargoyle | 1 |  | 
                51 total
 » upgrades
                
                | Creature Attack | 2 |  | 
| Creature Carapace | 2 |  | 
| Unholy Strength | 1 |  | 
                5 total
 » buildings
                
                | Crypt | 3 |  | 
| Ziggurat | 18 |  | 
| Altar of Darkness | 1 |  | 
| Graveyard | 1 |  | 
| Tomb of Relics | 1 |  | 
| Spirit Tower | 14 |  | 
| Halls of the Dead | 1 |  | 
| Nerubian Tower | 1 |  | 
| Black Citadel | 1 |  | 
                41 total
 » build order
                00:14 Crypt
00:19 Ziggurat
00:40 Altar of Darkness
01:02 Graveyard
02:19 Tomb of Relics
02:23 Ziggurat
05:48 Spirit Tower
06:02 Spirit Tower
10:10 Ziggurat
10:13 Ziggurat
11:24 Halls of the Dead
15:05 Ziggurat
15:08 Ziggurat
16:29 Crypt
16:49 Spirit Tower
16:51 Ziggurat
16:54 Ziggurat
17:04 Ziggurat
17:23 Ziggurat
17:26 Ziggurat
17:30 Ziggurat
18:20 Spirit Tower
18:23 Spirit Tower
18:59 Nerubian Tower
19:00 Spirit Tower
19:01 Spirit Tower
19:57 Ziggurat
19:59 Ziggurat
21:02 Spirit Tower
21:03 Spirit Tower
21:46 Black Citadel
22:43 Crypt
22:51 Ziggurat
22:55 Ziggurat
22:58 Ziggurat
23:01 Ziggurat
23:48 Spirit Tower
23:49 Spirit Tower
23:50 Spirit Tower
23:51 Spirit Tower
23:54 Spirit Tower
» items
                
                | Sacrificial Skull | 1 |  | 
| Potion of Healing | 1 |  | 
                2 total
  
                Chat log
          (00:08 / Allies) WTBMICRO: t2
(00:15 / Allies) WTBMICRO: quick tech
(00:16 / Allies) WTBMICRO: w/ foot
(00:22 / All) DroolBait: Excellent Manner
(00:33 / All) WTBMICRO: dont see good manner often
(00:43 / All) WTBMICRO: must repay the good manner
(00:44 / All) WTBMICRO: gl hf
(00:59 / All) DroolBait: hf
(01:57 / Allies) WTBMICRO: 1 rax
(02:03 / Allies) WTBMICRO: breakers are sanctum
(02:28 / All) Bearz.: u guys like journey
(02:37 / All) WTBMICRO: and foreinger
(02:46 / All) Bearz.: yes
(02:49 / All) Bearz.: the r good
(03:59 / Allies) WTBMICRO: b
(04:20 / Allies) WTBMICRO: so fuckin pro
(04:31 / Allies) WTBMICRO: hit orc now
(05:05 / Allies) WTBMICRO: come ot me
(05:05 / Allies) WTBMICRO: now
(05:59 / Allies) WTBMICRO: i raped
(06:00 / Allies) WTBMICRO: yea
(06:01 / Allies) WTBMICRO: siphon
(06:12 / All) Bearz.: hey guys
(06:13 / Allies) WTBMICRO: now
(06:14 / Allies) WTBMICRO: for burrows
(06:16 / Allies) WTBMICRO: a
(06:18 / Allies) WTBMICRO: come
(06:19 / All) Bearz.: one of ure mages atacked me when i tp
(06:21 / Allies) WTBMICRO: kill burrows
(06:24 / All) Bearz.: it hit my alter
(06:31 / All) Bearz.: scared me
(06:56 / Allies) WTBMICRO: flkame strike burrows
(07:42 / Allies) WTBMICRO: b
(07:43 / Allies) WTBMICRO: lol
(07:49 / Allies) WTBMICRO: get mountain king
(07:50 / Allies) WTBMICRO: second
(07:52 / Allies) WTBMICRO: thunder clap
(08:11 / Allies) WTBMICRO: or panda
(08:13 / Allies) WTBMICRO: panda or mk
(08:31 / Allies) WTBMICRO: lol
(08:33 / Allies) WTBMICRO: they r both bad
(08:34 / Allies) WTBMICRO: we ok
(08:49 / Allies) WTBMICRO: no units
(08:50 / Allies) WTBMICRO: no heroes
(08:53 / Allies) WTBMICRO: and they dont attack me
(08:53 / Allies) WTBMICRO: lol
(09:18 / Allies) WTBMICRO: so fuckin pro..
(09:25 / Allies) WTBMICRO: get slow
(09:29 / Allies) WTBMICRO: extra lumb?
(09:35 / Allies) WTBMICRO: 100 plz
(09:36 / Allies) WTBMICRO: ty
(10:05 / Allies) WTBMICRO: hit orcs soon
(10:15 / Allies) WTBMICRO: rdy?
(10:23 / Allies) WTBMICRO: go
(11:00 / Allies) WTBMICRO: gj w/ towers
(11:01 / Allies) WTBMICRO: so fuckin pro
(13:27 / Allies) WTBMICRO: b
(14:03 / Allies) WTBMICRO: sync heroes
(14:04 / Allies) WTBMICRO: next time
(14:07 / Allies) WTBMICRO: lol
(14:09 / All) WTBMICRO: g
(14:11 / Allies) WTBMICRO: get ur mk
(14:49 / Allies) WTBMICRO: meet
(17:16 / Allies) WTBMICRO: rofl
(17:19 / Allies) WTBMICRO: cant believ e this worked
(17:22 / Allies) WTBMICRO: getting some priests
(17:31 / Allies) WTBMICRO: so pro..
(17:58 / Allies) WTBMICRO: move
(18:00 / Allies) WTBMICRO: for hall
(20:25 / All) WTBMICRO: gg?
(20:42 / All) Bearz.: it appears to be
(22:48 / Allies) WTBMICRO: i am checking
(22:49 / Allies) WTBMICRO: just pwn
(22:50 / Allies) WTBMICRO: w/e
(22:55 / Allies) WTBMICRO: go soon
(22:59 / Allies) WTBMICRO: get morts
(23:51 / Allies) WTBMICRO: rdy
(23:52 / Allies) WTBMICRO: come
(23:56 / Allies) WTBMICRO: flame strike
(23:57 / Allies) WTBMICRO: ud expo
(23:58 / Allies) WTBMICRO: ftw
(24:11 / Allies) WTBMICRO: hgitall 5 zigs
(24:12 / Allies) WTBMICRO: ftw
(24:35 / All) WTBMICRO: gg